[Event "French-ch U16-U18 2024"]
[Site "Agen"]
[Date "2024.04.17"]
[Round "5.20"]
[White "Marche, Nael"]
[Black "Lesueur, Gabriel"]
[Result "1/2-1/2"]
[ECO "A40"]
[WhiteElo "2057"]
[BlackElo "2235"]
[Annotator "TA"]
[PlyCount "120"]
[EventDate "2024.04.14"]
[EventType "swiss"]
[EventCountry "FRA"]
[SourceTitle "playchess.com"]
[Source "ChessBase"]
[SourceQuality "1"]
[TimeControl "5400+30"]

1. d4 g6 2. c4 Bg7 3. Nc3 c5 4. d5 Bxc3+ 5. bxc3 e5 6. e4 d6 7. Bd3 Qe7 8. Qc2 ({White should try} 8. Ne2 $16) 8... Nd7 (8... f5 $1 $11) 9. Be3 {[%emt 0:00:56] White is more active.} (9. Ne2 $16) 9... Ngf6 (9... f5 $1 $14) 10. h3 ({Better is} 10. f3 $16) 10... h5 (10... Nh5 $14) 11. g3 (11. Nf3 $16) 11... h4 $14 12. g4 {[%emt 0:00:08] Dodges Nh5} Nh7 {[%emt 0:00:42] Inhibits Bg5.} 13. Qd2 g5 14. Ne2 Ndf8 15. f3 Ng6 16. Bc2 Kf8 17. O-O Kg7 (17... Nf4 {is interesting.} 18. Kh2 b6 19. a4 Kg7) 18. a4 (18. Kh2 {is more complex.} Nf4 19. a4 Bd7 20. Rfb1) 18... Bd7 (18... Nf4 {with more complications.} 19. Kh2 Bd7 20. Rfb1 Rhb8) 19. Rfb1 Rhb8 (19... Qf6 {seems wilder.} 20. Kg2 Rhb8 21. a5 Nf4+) 20. Rb2 b6 (20... Nf4 {looks sharper.} 21. Kh2 Qf6 22. Ng1 Nf8) 21. Kh2 f6 22. Rab1 (22. Nc1 {feels hotter.} Nf4 23. Qd1 Rb7 24. Rab1) 22... Qd8 (22... Nf4 {is interesting.} 23. Qd1 Nf8 24. Nc1 N8g6) 23. Qd1 Nhf8 (23... Nf4 {seems wilder.} 24. Nc1 Nf8 25. Qf1 Qe8) 24. Nc1 Qe8 25. Nd3 Nh8 26. Ra1 Nf7 27. a5 b5 28. cxb5 Bxb5 29. Ba4 a6 (29... Bxa4 {simplifies} 30. Qxa4 Rxb2+ 31. Nxb2 Qxa4 32. Rxa4 Rb8) 30. Bc2 Ra7 31. Rab1 {[%emt 0:00:37][%cal Oc3c4] [#] c4! would now be deadly.} Raa8 32. Nc1 Qd8 33. Bd2 ({White should play} 33. Nb3 $11) 33... Bd7 (33... Qxa5 34. c4 Qc7 35. cxb5 $18) (33... Ng6 $15) 34. c4 $11 Rxb2 35. Rxb2 Rb8 36. Rxb8 Qxb8 37. Bb3 Ng6 38. Qc2 Kf8 (38... Nf4 {is more complex.} 39. Qa2 Nh8 40. Bc2 Qb7) 39. Ba2 (39. Qa2 {feels hotter.} Nf4 40. Bc2 Nh8 41. Qb3) 39... Ke7 40. Qb3 (40. Nd3 {with more complications.} Nf4 41. Nc1 Qb7 42. Qb3) 40... Qxb3 41. Bxb3 Nf4 42. Bd1 Ke8 43. Bb3 Kd8 44. Bd1 Kc7 45. Bb3 Kb7 46. Bd1 Ka7 47. Bb3 Nd8 48. Bd1 Nb7 49. Bb3 Be8 50. Bd1 Ka8 51. Bb3 Kb8 52. Bd1 Kc8 53. Bb3 Nd8 54. Bd1 Nb7 55. Bb3 Kb8 56. Bd1 Ka8 57. Bb3 Ka7 58. Bd1 Bd7 59. Bb3 Bb5 60. Be1 Bd7 {[%emt 0:00:46] Weighted Error Value: White=0.11 (very precise) /Black=0.13 (very precise) .  Mistake:       	White=5     	Black=4      Inaccurate:     	White=2     	Black=3      OK:         	White=13    	Black=19     Best:        	---       	Black=1} 1/2-1/2

[Event "French-ch U16-U18 2024"]
[Site "Agen"]
[Date "2024.04.18"]
[Round "6.1"]
[White "Bat, Anu"]
[Black "Paralieu, Emma"]
[Result "0-1"]
[ECO "C62"]
[WhiteElo "1887"]
[BlackElo "1775"]
[Annotator "NA RC COMBH"]
[PlyCount "147"]
[EventDate "2024.04.14"]
[EventType "swiss"]
[EventCountry "FRA"]
[SourceTitle "playchess.com"]
[Source "ChessBase"]
[SourceQuality "1"]
[TimeControl "5400+30"]

1. e4 e5 2. Nf3 Nc6 3. Nc3 Nf6 4. Bb5 d6 5. d4 exd4 6. Nxd4 Bd7 7. Nxc6 Bxc6 8. Bxc6+ bxc6 9. O-O Nd7 10. Qe2 Qe7 11. Qa6 Nb6 12. a4 Rd8 13. a5 Nc8 14. Qxc6+ Qd7 15. Qxd7+ Kxd7 16. Be3 a6 17. Nd5 Ne7 18. b4 Rb8 19. Rfb1 Nxd5 20. exd5 Be7 21. Bd4 Rhg8 22. c4 c6 23. dxc6+ Kxc6 24. Ra2 Bd8 25. b5+ Kd7 26. Raa1 Ra8 27. b6 Rb8 28. c5 dxc5 29. Bxc5 Bf6 30. Ra2 Rgc8 31. Be3 Rc4 32. g3 Kc6 33. Ra3 Rb7 34. Kg2 Rd7 35. Kf3 Kb7 36. Rc1 Rxc1 37. Bxc1 Rd5 38. Be3 Rb5 39. Bd2 Rd5 40. Ke2 Kc6 41. Rb3 Rd7 42. Rb1 Bd4 43. Rc1+ Kb7 44. Rc4 Bxf2 45. Bc3 Bg1 46. h3 f6 47. Kf3 h6 48. h4 h5 49. Bb4 Bd4 50. Ke4 Be5 51. Be1 g6 52. Bc3 Bxg3 53. Bxf6 Rf7 54. Bg5 Be1 55. Rc5 Rd7 56. Bf6 Bd2 57. Kf3 Rf7 58. Ke2 Bxa5 59. Ba1 Bxb6 60. Rg5 Bf2 61. Rxg6 Bxh4 62. Rh6 Rf5 63. Bd4 Rd5 64. Be3 Bd8 65. Rh7+ Kc6 66. Ra7 a5 67. Bd2 h4 68. Bc3 Bc7 69. Ra6+ Kb5 70. Rh6 Bg3 71. Kf1 a4 72. Rh8 Kc4 73. Bf6 Rf5+ 74. Ke2 0-1

[Event "French-ch U16-U18 2024"]
[Site "Agen"]
[Date "2024.04.18"]
[Round "6.2"]
[White "Pereira-Davoine, Alana"]
[Black "Lavilledieu, Lily-Mei"]
[Result "1-0"]
[ECO "D52"]
[WhiteElo "1780"]
[BlackElo "1783"]
[Annotator "NA RC COMBH"]
[PlyCount "65"]
[EventDate "2024.04.14"]
[EventType "swiss"]
[EventCountry "FRA"]
[SourceTitle "playchess.com"]
[Source "ChessBase"]
[SourceQuality "1"]
[TimeControl "5400+30"]

1. d4 d5 2. c4 e6 3. Nc3 Nf6 4. Bg5 c6 5. e3 Nbd7 6. Nf3 Qa5 7. Nd2 dxc4 8. Bxf6 Nxf6 9. Nxc4 Qd8 10. Bd3 Be7 11. O-O O-O 12. Ne5 c5 13. Ne4 cxd4 14. exd4 Qb6 15. Rc1 Qxb2 16. Rc7 Nd5 17. Rxe7 Nxe7 18. Qh5 Nf5 19. Ng5 h6 20. Ngxf7 Rxf7 21. Qxf7+ Kh7 22. Bxf5+ exf5 23. Qg6+ Kg8 24. Qe8+ Kh7 25. d5 b6 26. d6 Bb7 27. Qg6+ Kg8 28. Qf7+ Kh7 29. Qxb7 Rf8 30. Qe7 Ra8 31. d7 Qd4 32. Nf7 Qf6 33. Qxf6 1-0

[Event "French-ch U16-U18 2024"]
[Site "Agen"]
[Date "2024.04.18"]
[Round "6.3"]
[White "Chevillon, Manon"]
[Black "Fesigny, Oceane"]
[Result "0-1"]
[ECO "C54"]
[WhiteElo "1737"]
[BlackElo "1829"]
[Annotator "NA RC COMBH"]
[PlyCount "64"]
[EventDate "2024.04.14"]
[EventType "swiss"]
[EventCountry "FRA"]
[SourceTitle "playchess.com"]
[Source "ChessBase"]
[SourceQuality "1"]
[TimeControl "5400+30"]

1. e4 e5 2. Nf3 Nc6 3. Bc4 Bc5 4. d3 Nf6 5. c3 d6 6. O-O Bg4 7. Re1 Bb6 8. Nbd2 O-O 9. Nf1 Ne7 10. Ng3 Ng6 11. h3 Bd7 12. Bb3 c6 13. d4 h6 14. Qc2 Qc8 15. Nf5 Bxf5 16. exf5 Nf4 17. dxe5 dxe5 18. Nxe5 N4d5 19. Bd2 Bc7 20. Nf3 a5 21. a4 Qb8 22. Nd4 Bf4 23. Re2 Qc7 24. Rae1 Bxd2 25. Qxd2 Rae8 26. Bxd5 cxd5 27. Nb5 Qc6 28. Re7 Ne4 29. Rc7 Nxd2 30. Rxe8 Qxe8 31. Rxb7 Qe1+ 32. Kh2 Qxf2 0-1

[Event "French-ch U16-U18 2024"]
[Site "Agen"]
[Date "2024.04.18"]
[Round "6.4"]
[White "Delmouly, Manon"]
[Black "Grisoni, Emma"]
[Result "1-0"]
[ECO "A46"]
[WhiteElo "1800"]
[BlackElo "1704"]
[Annotator "NA RC COMBH"]
[PlyCount "57"]
[EventDate "2024.04.14"]
[EventType "swiss"]
[EventCountry "FRA"]
[SourceTitle "playchess.com"]
[Source "ChessBase"]
[SourceQuality "1"]
[TimeControl "5400+30"]

1. d4 Nf6 2. Nf3 e6 3. Bg5 h6 4. Bh4 g5 5. Bg3 Nh5 6. e3 Nxg3 7. hxg3 d6 8. c4 Nd7 9. Nc3 b6 10. Bd3 Bb7 11. Be4 Bxe4 12. Nxe4 Bg7 13. Qc2 Qe7 14. O-O-O O-O-O 15. Qa4 Kb7 16. Rd3 Nb8 17. Ra3 a6 18. Kb1 Qd7 19. Qc2 d5 20. cxd5 Qxd5 21. Rc1 Qd7 22. Rb3 Qc8 23. Nc5+ Ka7 24. Na4 b5 25. Qxc7+ Qb7 26. Qc5+ Ka8 27. Nb6+ Ka7 28. Nd5+ Ka8 29. Nc7+ 1-0

[Event "French-ch U16-U18 2024"]
[Site "Agen"]
[Date "2024.04.18"]
[Round "6.5"]
[White "Sarishvili, Mariam"]
[Black "Sumarriva Paulin, Jade"]
[Result "1-0"]
[ECO "C00"]
[WhiteElo "1719"]
[BlackElo "1780"]
[Annotator "NA RC COMBH"]
[PlyCount "77"]
[EventDate "2024.04.14"]
[EventType "swiss"]
[EventCountry "FRA"]
[SourceTitle "playchess.com"]
[Source "ChessBase"]
[SourceQuality "1"]
[TimeControl "5400+30"]

1. Nf3 d5 2. g3 Nf6 3. d3 e6 4. Bg2 Be7 5. Nbd2 O-O 6. e4 c5 7. O-O Nc6 8. c3 h6 9. e5 Nh7 10. d4 b5 11. h3 a5 12. dxc5 Qc7 13. Re1 Bxc5 14. Nb3 Bb6 15. Nbd4 Ba6 16. Nxc6 Qxc6 17. Be3 f6 18. Nd4 Qd7 19. Qg4 f5 20. Qg6 Bxd4 21. cxd4 Kh8 22. Kh2 Rf7 23. f4 Nf8 24. Qh5 Kh7 25. g4 g6 26. Qh4 Qe8 27. Bf3 Rg7 28. Rg1 Qf7 29. Rg2 Nd7 30. Rag1 Rag8 31. g5 Rh8 32. gxh6 Rgg8 33. Bh5 Nf8 34. Bd2 b4 35. a3 bxa3 36. bxa3 Qc7 37. Qf6 Kxh6 38. Rxg6+ Nxg6 39. Rxg6+ 1-0

[Event "French-ch U16-U18 2024"]
[Site "Agen"]
[Date "2024.04.18"]
[Round "6.6"]
[White "Trevisiol, Antoine"]
[Black "Kuhn, Clement"]
[Result "1/2-1/2"]
[ECO "A42"]
[WhiteElo "2235"]
[BlackElo "2349"]
[Annotator "TA"]
[PlyCount "86"]
[EventDate "2024.04.14"]
[EventType "swiss"]
[EventCountry "FRA"]
[SourceTitle "playchess.com"]
[Source "ChessBase"]
[SourceQuality "1"]
[TimeControl "5400+30"]

1. Nf3 g6 2. c4 Bg7 3. d4 d6 4. Nc3 c5 5. e4 Bg4 6. d5 Bxc3+ 7. bxc3 Nf6 8. Qa4+ {[%emt 0:04:32] White is slightly better.} Bd7 ({Black should try} 8... Qd7 $14 9. Qxd7+ Nbxd7) 9. Qc2 Qa5 10. Bd3 Ba4 11. Qb2 Nbd7 12. O-O (12. Qxb7 $2 Rb8 $19 (12... Qxc3+ 13. Bd2 $16) (12... Qxc3+ 13. Bd2 $16)) 12... O-O-O 13. Rb1 Qa6 14. Qe2 (14. Re1 $16) 14... h6 15. e5 dxe5 16. Nxe5 Nxe5 17. Qxe5 {[%emt 0:00:14][%cal Oc1f4] [#] Strongly threatening Bf4!} Qd6 $1 ({But not} 17... Nxd5 $2 18. cxd5 Qd6 19. Qe4 $18) 18. Bf4 {[%emt 0:13:08] Hoping for Qe3. White is more active.} Nh5 19. Qxd6 (19. Qxh8 Nxf4 20. Qxh6 e6 $16 (20... Nxd3 $2 {loses.} 21. Qh3+ Bd7 22. Qxd3 $18)) 19... exd6 20. Bd2 Nf6 21. h3 (21. Rfe1 $16) 21... Rde8 $11 22. Rbe1 h5 23. f4 Nd7 24. g3 Kd8 25. Kg2 a6 26. g4 hxg4 27. hxg4 Rxe1 28. Rxe1 Re8 29. Rb1 {[%emt 0:02:41] [#]} Bc2 $1 30. Bxc2 {[%emt 0:01:24] The position is equal.} Re2+ 31. Kf3 Rxd2 {[%emt 0:00:01][%mdl 4096] Endgame. KRB-KRN} 32. Ba4 Rd3+ 33. Ke4 Rxc3 34. Bxd7 (34. Rxb7 $2 Nf6#) 34... Rxc4+ 35. Ke3 Kxd7 36. Rxb7+ {[%emt 0:00:06] KR-KR} Ke8 37. Rb8+ Ke7 38. Rb7+ Kf8 39. Rb8+ Kg7 40. Rb6 Rc3+ 41. Ke4 Rc4+ 42. Ke3 Rc3+ 43. Ke4 Rc4+ {[%emt 0:00:51] Weighted Error Value: White=0.09 (flawless) /Black=0.07 (flawless) .  Mistake:       	White=2     	Black=1      Inaccurate:     	White=1     	Black=3      OK:         	White=22    	Black=18     Best:        	---       	Black=2      Strong:       	---       	Black=1} 1/2-1/2

[Event "French-ch U16-U18 2024"]
[Site "Agen"]
[Date "2024.04.18"]
[Round "6.7"]
[White "Breuil, Tristan"]
[Black "Zienkiewicz, Jan"]
[Result "1-0"]
[ECO "C84"]
[WhiteElo "2281"]
[BlackElo "2240"]
[Annotator "TA"]
[PlyCount "79"]
[EventDate "2024.04.14"]
[EventType "swiss"]
[EventCountry "FRA"]
[SourceTitle "playchess.com"]
[Source "ChessBase"]
[SourceQuality "1"]
[TimeControl "5400+30"]

1. e4 e5 2. Nf3 Nc6 3. Bb5 a6 4. Ba4 Nf6 5. O-O Be7 6. d3 b5 7. Bb3 d6 8. c3 Na5 9. Bc2 c5 10. d4 Nc6 {[%emt 0:03:58] The position is equal.} 11. h3 O-O 12. Re1 (12. d5 $14) 12... cxd4 13. cxd4 exd4 14. Nxd4 Nxd4 15. Qxd4 Be6 16. Nc3 Rc8 17. Bb3 Bc4 18. Bf4 Qc7 19. Rac1 Rfd8 {[%emt 0:04:55] White stays focused until the end.} (19... Qb7 $14) 20. Na4 Nh5 {[%emt 0:08:55] [#]} (20... Nd7 $142) 21. Bxc4 ({Better is} 21. Be3 $1 {Strongly threatening Bxc4.} bxa4 22. Rxc4 (22. Bxc4 Qa5 $18)) 21... bxc4 (21... Bf6 $142 22. e5 dxe5 (22... bxa4 $2 23. exf6 Nxf6 24. Bxa6 $18) 23. Bxe5 Rxd4 24. Bxc7 g6) 22. Be3 $16 {[%emt 0:00:43] aiming for Nb6. White is more active.} Qa5 (22... d5 $16) 23. Qd1 $18 Rc6 {[%emt 0:19:38] [#]} 24. Bb6 $1 Rxb6 25. Nxb6 Qxb6 26. Qxh5 Qxb2 27. Qa5 {[%emt 0:05:18] Wards off c3} (27. Rxc4 Qxa2 28. Qd5 Bf8) 27... Qd4 28. Qd5 (28. Qxa6 c3 29. a4 Qc5) 28... Qb2 29. Qxc4 ({Don't take} 29. Rxc4 Qxa2 30. g3 g6 $18) 29... a5 30. Rb1 Qd2 31. Red1 Qf4 32. g3 {[%emt 0:01:53] Dodges Bh4} Qf3 33. Qd3 Qf6 34. Qd5 Qc3 35. Rb7 Kf8 36. Rdb1 g6 37. Kg2 h6 38. R1b3 Qe1 (38... Qe5 $18 39. Ra7 Qe6 40. Qxe6 (40. Rxa5 Qxd5 41. exd5 Kg7 $18) 40... fxe6) 39. Rf3 f6 {[%emt 0:00:53] [#]} 40. Rxf6+ $3 {[%emt 0:00:13][%mdl 512] Weighted Error Value: White=0.17 (very precise) /Black=0.48.  Mistake:       	White=2     	Black=5      Inaccurate:     	White=1     	Black=3      OK:         	White=14    	Black=6      Best:        	White=1     	---        Brilliant:      	White=1     	---} 1-0

[Event "French-ch U16-U18 2024"]
[Site "Agen"]
[Date "2024.04.18"]
[Round "6.8"]
[White "Vallee, Louis"]
[Black "Ernst, Luca"]
[Result "1-0"]
[ECO "A29"]
[WhiteElo "2270"]
[BlackElo "2133"]
[Annotator "TA"]
[PlyCount "77"]
[EventDate "2024.04.14"]
[EventType "swiss"]
[EventCountry "FRA"]
[SourceTitle "playchess.com"]
[Source "ChessBase"]
[SourceQuality "1"]
[TimeControl "5400+30"]

1. c4 e5 2. g3 Nf6 3. Nc3 d5 4. cxd5 Nxd5 5. Bg2 Nb6 6. Nf3 Nc6 7. O-O Be7 8. a4 a5 9. d4 exd4 10. Nb5 O-O 11. Nfxd4 Nxd4 12. Qxd4 Qxd4 13. Nxd4 {[%emt 0:00:03] The position is equal.} c6 14. b3 Bf6 15. Be3 c5 {[%emt 0:04:57] [#]} (15... Nd7 $11) 16. Nb5 $1 $14 Bxa1 17. Rxa1 Nd7 18. Rd1 {[%emt 0:01:31][%mdl 1024] White has compensation.} Rb8 (18... h5 $14) 19. Bf4 $18 {[%emt 0:03:47] This pair of bishops is nice.} Ra8 {[%emt 0:00:01] Prevents Na7} 20. Nc7 Ra7 21. Bd6 b6 $2 {[%emt 0:01:17] [#]} (21... Rd8 $2 22. Bxc5 (22. Be7 Rf8 $18) 22... b6 23. Bxb6 Rxc7 24. Bxc7 $18) (21... f5 {is a better chance.} 22. Bd5+ Kh8) 22. Nb5 Ra6 23. Bxf8 Nxf8 24. Rd8 Bd7 25. Rxd7 Nxd7 {[%emt 0:00:01][%mdl 4096] Endgame. KRN-KBN} 26. Bb7 Nb8 (26... c4 {was called for.}) 27. e4 Kf8 28. f4 Ke7 29. Kf2 f6 30. Ke3 Kd7 31. e5 f5 (31... Ke7 $142 32. Ke4 fxe5 33. Kxe5 (33. Bxa6 Nxa6 34. Kxe5 Nb4 $14) 33... Kd7 (33... Nd7+ $2 34. Kd5 $18)) 32. Kd2 Ke7 33. Kc3 Kd7 34. Kc4 Ke7 35. Kd5 g6 36. e6 h6 37. Ke5 Ra8 38. Bxa8 Na6 39. Nc3 {[%emt 0:00:38] Black got outplayed after the opening.   Weighted Error Value: White=0.24 (precise) /Black=0.76.  Mistake:       	---       	Black=5      Inaccurate:     	White=1     	Black=3      OK:         	White=6     	Black=5      Best:        	White=7     	---        Strong:       	White=1     	---} 1-0

[Event "French-ch U16-U18 2024"]
[Site "Agen"]
[Date "2024.04.18"]
[Round "6.9"]
[White "Lissillour, Baptiste"]
[Black "Boumrar, Ayrad"]
[Result "0-1"]
[ECO "B11"]
[WhiteElo "2130"]
[BlackElo "2191"]
[Annotator "TA"]
[PlyCount "70"]
[EventDate "2024.04.14"]
[EventType "swiss"]
[EventCountry "FRA"]
[SourceTitle "playchess.com"]
[Source "ChessBase"]
[SourceQuality "1"]
[TimeControl "5400+30"]

1. e4 c6 2. Nf3 d5 3. Nc3 Bg4 4. h3 Bxf3 5. Qxf3 e6 6. Be2 Bc5 7. O-O Nd7 8. Qg3 Bd4 {[%emt 0:06:03] The position is equal.} 9. exd5 exd5 10. Bd1 Ne7 11. Ne2 Be5 12. Qf3 d4 13. Re1 O-O 14. d3 Ng6 (14... Qa5 {with more complications.} 15. c3 dxc3 16. Nxc3 Nf5) 15. g3 Qa5 16. Rf1 f5 17. c3 dxc3 18. d4 cxb2 19. Bxb2 Bd6 20. Qb3+ $1 Kh8 {[%emt 0:07:47] Active counter play!} (20... Qd5 {looks sharper.} 21. Qxb7 Rab8 22. Qxd7 Rf7) 21. Qxb7 Qd8 22. Qxc6 Nb6 23. Nc3 Rc8 24. Qg2 Nc4 25. Bc1 f4 {[%emt 0:01:25] [#] White must now prevent ...fxg3.} 26. Bg4 Rb8 27. Rd1 fxg3 28. fxg3 Qa5 $132 {[%emt 0:01:12][%mdl 2048] Black is fighting back} 29. Ne4 Be7 (29... Bc7 $11 {might be stronger.}) 30. Be6 Nd6 31. Bd2 {[%emt 0:00:56] A strong pair of Bishops.} Qa4 {[%emt 0:00:28] [#]} (31... Qa3 $11 32. Bb3 Nf5) 32. Be3 (32. Bc3 $1 $16) 32... Qa3 {[%emt 0:00:35] Repels Nc5} 33. Bf2 (33. Bb3 $11) 33... Rb2 34. Nd2 $2 (34. Rf1 Nxe4 35. Qxe4 Rbxf2 36. Rxf2 Rxf2 (36... Qxg3+ 37. Rg2 $11) 37. Bb3 (37. Kxf2 $2 Qb2+ 38. Kg1 Qxa1+ $19)) 34... Bg5 $19 35. Nf3 ({Much worse is} 35. Nb1 Qa6 $19 (35... Rfxf2 36. Qxf2 Qe3 37. Qxe3 $15) (35... Rfxf2 36. Qxf2 Qe3 37. Qxe3 $15)) (35. Rab1 $142 Rxd2 (35... Be3 $2 36. Rxb2 Rxf2 37. Rdb1 $19) 36. Rxd2 Bxd2 37. Bb3) 35... Qxf3 {[%emt 0:00:31] Weighted Error Value: White=0.58/Black=0.18 (very precise) .  Loses game:     	White=1     	---        Mistake:       	White=3     	Black=3      Inaccurate:     	White=4     	Black=3      OK:         	White=13    	Black=10     Best:        	White=1     	Black=2      Strong:       	White=1     	---} (35... Rxf2 $142 36. Nxg5 Rxg2+ 37. Kxg2 h6 38. Nf7+ Nxf7) 0-1

[Event "French-ch U16-U18 2024"]
[Site "Agen"]
[Date "2024.04.18"]
[Round "6.10"]
[White "Bedhouche, Rayan"]
[Black "Dessyn, Timothee"]
[Result "0-1"]
[ECO "B27"]
[WhiteElo "1988"]
[BlackElo "2110"]
[Annotator "TA"]
[PlyCount "102"]
[EventDate "2024.04.14"]
[EventType "swiss"]
[EventCountry "FRA"]
[SourceTitle "playchess.com"]
[Source "ChessBase"]
[SourceQuality "1"]
[TimeControl "5400+30"]

1. e4 c5 2. Nf3 g6 3. d4 cxd4 4. Qxd4 Nf6 5. Nc3 Nc6 6. Qa4 d6 7. e5 dxe5 8. Nxe5 Bg7 9. Nxc6 bxc6 10. Qxc6+ Bd7 {[%emt 0:00:05] The position is equal.} 11. Qa6 O-O 12. Bd3 Qc7 13. Qc4 {[%emt 0:00:00] Against Ng4} Qe5+ {[%emt 0:09:41][%mdl 1024] Black has compensation.} 14. Be2 Rac8 15. Qf4 Qa5 $36 {[%emt 0:03:20][%mdl 2048] Threatens to win with ...Nd5. Black has the initiative.} 16. O-O Bf5 17. Bd2 Bxc2 18. Rfc1 (18. Rac1 $11 Nd5 19. Nxd5 Qxd5 20. b3) 18... Bf5 19. Nb5 (19. Nd1 $11 {keeps the balance.} Qb6 20. Rxc8 Rxc8 21. Rc1 Rxc1 22. Bxc1) 19... Rxc1+ $17 20. Rxc1 Qxa2 21. Bc4 Qxb2 22. Bc3 Nh5 $1 {[%emt 0:01:01] Strongly threatening ...Bxc3.} 23. Bxb2 Nxf4 24. Bxg7 Kxg7 25. Nxa7 Ra8 26. Nc6 (26. Ra1 $17 {was necessary.}) 26... Rc8 27. Bb5 (27. Nxe7 $2 {too greedy.} Ne2+ 28. Kf1 Nxc1 $19) 27... Be4 {[%emt 0:05:17] Black is more active.} 28. f3 Bxc6 29. Rxc6 Rxc6 30. Bxc6 {[%emt 0:00:00][%mdl 4096] Endgame. KB-KN} e5 31. Kf2 f5 32. g3 Ne6 33. g4 Kf6 34. h4 Nc5 35. Ke3 h6 36. Be8 f4+ 37. Ke2 g5 38. hxg5+ Kxg5 ({Don't do} 38... hxg5 39. Bc6 $15) 39. Bc6 {[%emt 0:00:00] [#]} (39. Kf1 $17) 39... e4 $2 40. fxe4 $11 Kxg4 (40... Ne6 $15 41. Bd7 Nd4+ 42. Kf2 Kf6) 41. Bd5 $2 (41. e5 $11) 41... h5 $2 (41... f3+ $19 42. Ke3 Kg3) 42. Kf2 $2 (42. e5 $11) 42... Nd3+ 43. Kg2 f3+ 44. Kh2 Ne5 45. Be6+ Kf4 46. Bf5 Ng4+ 47. Kg1 Kg3 48. Bxg4 hxg4 ({Inferior is} 48... Kxg4 49. e5 Kg5 50. e6 $11) 49. e5 f2+ 50. Kf1 Kf3 51. e6 g3 {[%emt 0:00:03] Weighted Error Value: White=0.55/Black=0.41.  Loses game:     	White=3     	---        Missed win:     	---       	Black=2      Mistake:       	White=3     	---        Inaccurate:     	White=5     	Black=4      OK:         	White=11    	Black=13     Best:        	White=3     	Black=2      Strong:       	---       	Black=1} 0-1

[Event "French-ch U16-U18 2024"]
[Site "Agen"]
[Date "2024.04.18"]
[Round "6.11"]
[White "Le Coz, Marie Sarah"]
[Black "Deladerriere, Calypso"]
[Result "0-1"]
[ECO "D07"]
[WhiteElo "1840"]
[BlackElo "1935"]
[Annotator "TA"]
[PlyCount "89"]
[EventDate "2024.04.14"]
[EventType "swiss"]
[EventCountry "FRA"]
[SourceTitle "playchess.com"]
[Source "ChessBase"]
[SourceQuality "1"]
[TimeControl "5400+30"]

1. d4 d5 2. c4 Nc6 3. cxd5 Qxd5 4. e3 e5 5. Nc3 Bb4 6. a3 Bxc3+ 7. bxc3 Qd6 8. d5 Nce7 9. c4 c6 {[%emt 0:01:59] White is slightly better.} 10. e4 (10. a4 $14) 10... f5 $11 11. Bb2 (11. exf5 $11 Nf6 12. Nf3) 11... fxe4 $15 12. dxc6 Qxd1+ 13. Rxd1 Nxc6 14. Ne2 Nf6 15. Nc3 O-O 16. Nd5 Bf5 (16... Bg4 $17 17. Rd2 Rad8) 17. Be2 Rad8 18. O-O Be6 19. Nc7 (19. f4 $11 {deserves consideration.}) 19... Bc8 (19... Bg4 $17 20. Bxg4 Nxg4) 20. Nb5 (20. Nd5 $11) 20... Bg4 $17 21. Nc3 (21. f3 $142 exf3 22. gxf3) 21... Bxe2 22. Nxe2 Nd7 ({Better is} 22... Rxd1 23. Rxd1 Ng4) 23. Ng3 Nc5 24. Rd5 Rxd5 25. cxd5 Nd4 26. Rd1 {[%emt 0:00:00] [#]} (26. Re1 $17) 26... Nb5 $2 {[%emt 0:12:46] Excellent horsemanship.} (26... Rd8 $1 $19 27. Bc3 (27. Bxd4 $2 Rxd5 28. Ne2 Kf7 $19) 27... Rxd5) 27. d6 ({White should try} 27. Bxe5 $11 Re8 28. Bd4 Nxd4 29. Rxd4) 27... Nd3 28. d7 Rd8 (28... Nxb2 $2 {too greedy.} 29. d8=Q (29. d8=R $2 Nxd1 30. Rxd1 b6 $19) 29... Rxd8 30. Rxd8+ Kf7 31. Rd7+ (31. Nxe4 b6 $18) 31... Kg8 32. Rxb7 $18) 29. Ba1 (29. Rd2 $17) 29... Nxa3 $19 30. Nxe4 Rxd7 31. Kf1 b5 32. g3 Nc2 (32... Nc5 $142 33. Rd2 Nc4 (33... Nxe4 $2 {is the wrong capture.} 34. Rxd7 Nc4 35. Rxa7 $18) 34. Rxd7 Nxd7) 33. Ke2 Nxa1 34. Rxd3 $17 {[%emt 0:00:33][%mdl 4096] Endgame. KRN-KRN} (34. Rxa1 $142 Nb4 35. f4) 34... Rc7 $2 (34... Rxd3 $19 35. Kxd3 Nb3) 35. Ng5 $15 Rc8 {[%emt 0:00:50] Against Rd8+. White must now prevent ...Nc2.} 36. Ra3 Nc2 37. Rxa7 Nd4+ 38. Kd3 Rb8 39. f4 ({White should play} 39. Re7 $15) 39... b4 40. fxe5 Nc6 41. Ra1 Nxe5+ 42. Ke4 Nc4 {[%emt 0:00:42] Hoping for ...b3.} 43. Kd4 Na3 44. Kd3 {[%emt 0:01:34][%mdl 8192] [#] Against Nc2} (44. Ra2 $17) 44... b3 $1 $19 45. Ne4 {[%emt 0:01:02] Weighted Error Value: White=0.55/Black=0.30.  Loses game:     	White=2     	---        Missed win:     	---       	Black=2      Mistake:       	White=10    	Black=4      Inaccurate:     	White=3     	Black=3      OK:         	White=9     	Black=17     Best:        	White=1     	Black=2      Strong:       	---       	Black=1} 0-1